AoeStats
← Morgen frei man

Arabia

510576167Analyzed
1v1 RM · 2d ago on Oct 1, 2026· 20m 44s· 2 players
Game mode
Random Map
Map size
Tiny (2 player)
Population
200
Speed
Normal
Resources
Standard
Victory
Conquest
Starting age
Dark Age
Ending age
Imperial Age
RankedLock teamsTeams togetherTeam positionsShared explorationLock speedFull tech treeHidden civsTurbo modeCheats
Victory
Defeat
🇧🇷 Chinese · Brazil
825
+17
🇩🇪 Danes · Germany
838
-41
Fiesh
0:28 Loom
10:43 Feudal Age
12:05 Double-Bit Axe
13:08 Man-at-Arms
Morgen frei man
11:13 Feudal Age
14:15 Double-Bit Axe
14:14 Horse Collar
15:59 Man-at-Arms
19:46 Loom
Connection lost

Rejoining the realm…

Still unreachable

The connection could not be restored.

Session expired

The server has moved on; the page needs a fresh start.